 Dungeon Crawl Stone Soup version 0.29-a0-998-g1987434951 (webtiles) character file.

Game seed: 2460654780698796174

7963 Angani the Fighter (level 11, -5/102 HPs)
             Began as a Meteoran Cinder Acolyte on Aug 5, 2022.
             Was a High Priest of Okawaru.
             Slain by a fire elemental (14 damage)
             ... created by the fiery vengeance of Ignis
             ... on level 12 of the Dungeon.
             The game lasted 00:34:03 (4764 turns).

Angani the Fighter (Meteoran Cinder Acolyte)        Turns: 4764, Time: 00:34:03

Health: -5/102     AC: 19    Str: 18 (19) XL:     11   Next: 75%
Magic:  19/19      EV:  9    Int: 13 (16) God:    Okawaru [*****.]
Gold:   149        SH:  0    Dex:  8 (11) Spells: 10/12 levels left

rFire   . . .      SeeInvis .   h - +4 eveningstar (protect)
rCold   . . .      Faith    .   (no shield)
rNeg    . . .      Spirit   .   q - +0 plate armour
rPois   .          Reflect  .   D - +0 helmet {rF+}
rElec   .          Harm     .   n - scarf {repulsion}
rCorr   .          Rampage  .   (no gloves)
Will    +....                   b - +0 pair of boots
Stlth   ..........              k - amulet of regeneration
HPRegen 1.07/turn               (no ring)
MPRegen 0.16/turn               (no ring)

@: confused, heroic, ambrosia-drunk, glowing, repel missiles, fire susceptible
A: sense surroundings 2, otherworldly, glowing, explore regen
a: Renounce Religion, Heroism, Finesse, Duel


You were on level 12 of the Dungeon.
You worshipped Okawaru.
Okawaru was extremely pleased with you.
You visited 2 branches of the dungeon, and saw 11 of its levels.
You also visited: Ossuary.

You collected 446 gold pieces.
You spent 297 gold pieces at shops.

Inventory:

Hand Weapons
 h - a +4 eveningstar of protection (weapon)
 C - a +0 vorpal dire flail
Missiles
 s - a throwing net (quivered)
Armour
 b - a +0 pair of boots (worn)
 n - a scarf of repulsion (worn)
 q - a +0 plate armour (worn)
 z - +0 steam dragon scales
 D - a +0 helmet of fire resistance (worn)
Magical Staves
 r - a staff of earth
Jewellery
 g - a ring of flight
 k - an amulet of regeneration (around neck)
 t - an amulet of magic regeneration
Wands
 o - a wand of charming (17)
Scrolls
 d - a scroll of fog
 v - a scroll of poison
 w - a scroll of immolation
 x - 2 scrolls of torment
 y - a scroll of teleportation
Potions
 a - 2 potions of invisibility
 e - a potion of ambrosia
 f - a potion of haste {unknown}
 i - 2 potions of flight {unknown}
 j - a potion of attraction {unknown}
 l - 3 potions of berserk rage {unknown}
 m - 3 potions of brilliance {unknown}
 p - 2 potions of lignification {unknown}
 A - a potion of cancellation {unknown}


   Skills:
 + Level 11.2(16.2) Fighting
 - Level 10.0(15.0) Maces & Flails
 + Level 8.1(13.1) Armour
 + Level 8.0(13.0) Dodging
 - Level 1.3 Spellcasting
 - Level 3.6 Fire Magic
 + Level 9.6 Invocations


You had 10 spell levels left.
You knew the following spells:

 Your Spells              Type           Power      Damage    Failure   Level
a - Scorch                Fire           20%        2d6       85%         2

Your spell library contained the following spells:

 Spells                   Type           Power      Damage    Failure   Level
 Apportation              Tloc           0%         N/A       99%         1
 Magic Dart               Conj           0%         1d3       99%         1
 Shock                    Conj/Air       0%         1d3       99%         1
 Frozen Ramparts          Ice            0%         1d8       100%        3
 Gell's Gravitas          Tloc           0%         N/A       100%        3
 Lesser Beckoning         Tloc           0%         N/A       100%        3
 Teleport Other           Tloc           0%         N/A       100%        3
 Freezing Cloud           Conj/Ice/Air   0%         6-21      100%        5
 Metabolic Englaciation   Hex/Ice        0%         N/A       100%        5
 Dispersal                Tloc           0%         N/A       100%        6


Dungeon Overview and Level Annotations

Branches:
Dungeon (9/15) Zot: 1548   Temple (1/1) D:7 Zot: 539 Ossuary (visited)
   Lair: D:8-11         Orc: D:9-12

Altars:
Ashenzari
Cheibriados
Hepliaklqana
Okawaru
Ru
Trog
Uskayaw
Vehumet
Wu Jian
Xom

Shops:
D:4 *:!***   D:5 [*(   D:9 *

Annotations:
D:3 2 runed translucent doors
D:5 1 runed translucent door, demivan's ghost, amateur GrBe
D:9 exclusion: obsidian statue


Innate Abilities, Weirdness & Mutations

You passively map the area around you.
You are easily found by Zot.
You glow in the dark.
You regain HP and MP as you explore.


Message History

The fire elemental hits you. The fire elemental burns you!
The fire elemental barely misses you. The fire elemental hits you.
The fire elemental burns you!
You closely miss the fire elemental. The fire elemental hits you.
The fire elemental burns you!
You hit the fire elemental.
Your weapon exudes an aura of protection.
The fire elemental is lightly damaged.
The fire elemental barely misses you.
You barely miss the fire elemental.
The fire elemental is lightly damaged.
The fire elemental hits you. The fire elemental burns you!
The fire elemental hits you. The fire elemental burns you!
You closely miss the fire elemental.
The fire elemental is lightly damaged.
The fire elemental hits you.
You barely miss the fire elemental. The fire elemental closely misses you.
You barely miss the fire elemental. The fire elemental hits you.
The fire elemental burns you! The fire elemental hits you.
The fire elemental burns you!
* * * LOW HITPOINT WARNING * * *
Okay, then.
You gain the combat prowess of a mighty hero.
The fire elemental closely misses you.
You completely miss the fire elemental. The fire elemental hits you.
The fire elemental burns you!
* * * LOW HITPOINT WARNING * * *
You closely miss the fire elemental. The fire elemental hits you.
The fire elemental burns you!
* * * LOW HITPOINT WARNING * * *
It was a potion of degeneration.
There was something very wrong with that liquid.
You feel weakened.
You feel dopey.
You feel clumsy. The fire elemental hits you. The fire elemental burns you!
* * * LOW HITPOINT WARNING * * *
It was a potion of ambrosia.
You are confused.
You feel invigorated. The fire elemental hits you.
The fire elemental burns you!
You die...

,* #..# * * #...# #..#
* , #...# #..# , , ,*
#...# #°.# , ,,, #...#
#○○# , #...# #..# *, ,
#...# #○°#
...########...#####..#
................@EEE.#
*, ,,
######################
*


You could see 3 fire elementals.

Vanquished Creatures
  A two-headed ogre (D:9)
  A shadow (D:9)
  2 wraiths (Ossuary)
  A wyvern (D:8)
  11 yaks
  2 fire elementals (D:6)
  A steam dragon (D:6)
  4 water moccasins
  2 orc warriors (D:8)
  An ice beast (D:6)
  3 black bears
  A sky beast (D:8)
  An ogre (D:6)
  4 centaurs
  2 phantoms
  3 kobold brigands
  6 bullfrogs
  A gnoll sergeant (D:7)
  3 necrophages (D:5)
  5 scorpions
  20 wights
  A killer bee (D:8)
  2 electric eels (D:8)
  2 quasits (D:5)
  A centaur zombie (Ossuary)
  2 gnoll boudas
  5 jellies
  2 orc priests (D:7)
  A hound (D:5)
  5 iguanas
  8 orc wizards
  22 gnolls
  8 adders
  A shadow imp (D:5)
  6 white imps
  2 ufetubi
  2 adder zombies (Ossuary)
  4 dart slugs
  21 orcs
  10 endoplasms
  3 giant cockroaches
  3 goblins
  8 hobgoblins
  6 jackals
  12 kobolds
  4 quokkas
  8 ball pythons
  A ball python skeleton (Ossuary)
  6 bats
  5 frilled lizards
  An orc skeleton (Ossuary)
  4 orc zombies (Ossuary)
  3 rats
244 creatures vanquished.

Vanquished Creatures (collateral kills)
  An endoplasm (D:4)
  A goblin (D:4)
2 creatures vanquished.

Vanquished Creatures (others)
  60 foxfires
  34 plants
94 creatures vanquished.

Grand Total: 340 creatures vanquished

Notes
Turn   | Place    | Note
-------+----------+-------------------------------------------
     0 | D:1      | Angani the Meteoran Cinder Acolyte began the quest for the
                  | Orb.
     0 | D:1      | Reached XP level 1. HP: 19/19 MP: 3/3
   125 | D:1      | Reached XP level 2. HP: 24/26 MP: 5/5
   139 | D:1      | Learned a level 2 spell: Scorch
   269 | D:1      | Reached XP level 3. HP: 31/33 MP: 6/6
   269 | D:1      | Found a faded altar of an unknown god.
   354 | D:1      | Reached skill level 4 in Fighting
   379 | D:1      | Got Xiejifaf's Tutorial on Thaumaturgy
   482 | D:1      | Glimpsed the power of Zot.
   711 | D:2      | Reached skill level 5 in Maces & Flails
   740 | D:2      | Reached XP level 4. HP: 12/41 MP: 4/7
   799 | D:2      | Reached XP level 5. HP: 47/47 MP: 5/8
  1029 | D:2      | Found a sacrificial altar of Ru.
  1079 | D:2      | Glimpsed the power of Zot.
  1183 | D:3      | Reached skill level 5 in Fighting
  1201 | D:3      | Reached XP level 6. HP: 33/56 MP: 3/9
  1214 | D:3      | Found a shimmering altar of Xom.
  1246 | D:3      | Found a large runed translucent door.
  1248 | D:3      | Found a large runed translucent door.
  1382 | D:3      | Reached XP level 7. HP: 62/62 MP: 6/10
  1549 | D:4      | Found Zixecwiq's General Store.
  1565 | D:4      | Found Qece's Distillery.
  1568 | D:4      | Reached skill level 6 in Fighting
  1568 | D:4      | Found Syadocs's Assorted Antiques.
  1577 | D:4      | Bought a potion of curing for 42 gold pieces
  1584 | D:4      | Bought a brass ring for 120 gold pieces
  1672 | D:4      | Found Gomiexut's Book Shop.
  1722 | D:4      | Found a sand-covered staircase.
  1732 | Ossuary  | Entered an ossuary
  1816 | Ossuary  | Noticed a wraith
  1816 | Ossuary  | Noticed a flying skull
  1825 | Ossuary  | Noticed a flying skull
  1828 | Ossuary  | Noticed a wraith
  1833 | Ossuary  | Killed a wraith
  1834 | Ossuary  | Reached skill level 7 in Fighting
  1834 | Ossuary  | Reached XP level 8. HP: 66/73 MP: 11/11
  1839 | Ossuary  | Noticed a flying skull
  1860 | Ossuary  | Noticed a flying skull
  1883 | Ossuary  | Noticed a wraith
  1899 | Ossuary  | Killed a wraith
  2065 | D:4      | Found Ceepraes's Assorted Antiques.
  2069 | D:4      | Bought a scroll labelled GEINGI YNUBINK for 20 gold pieces
  2086 | D:4      | Found Weatam's Assorted Antiques.
  2115 | D:4      | Found an iron altar of Okawaru.
  2123 | D:4      | Fell from the grace of Ignis
  2123 | D:4      | Became a worshipper of Warmaster Okawaru
  2173 | D:5      | Entered Level 5 of the Dungeon
  2178 | D:5      | Found Ehouh's General Store.
  2181 | D:5      | Found Let Yreg's Weapon Emporium.
  2181 | D:5      | Found Kedicis's Antique Armour Emporium.
  2187 | D:5      | Found Tomunof's Antique Armour Emporium.
  2257 | D:5      | Reached skill level 1 in Invocations
  2348 | D:5      | Reached skill level 8 in Fighting
  2395 | D:5      | Gained mutation: You passively map the area around you.
                  | [Meteoran growth]
  2395 | D:5      | Reached XP level 9. HP: 43/81 MP: 12/12
  2407 | D:5      | Reached * piety under Okawaru
  2407 | D:5      | You fall into a shaft and drop 3 floors!
  2460 | D:8      | Got the Encyclopedia of the Snowflakes
  2489 | D:8      | Reached skill level 10 in Maces & Flails
  2556 | D:6      | Reached skill level 1 in Armour
  2556 | D:6      | Reached skill level 1 in Dodging
  2652 | D:5      | Found a snail-covered altar of Cheibriados.
  2724 | D:5      | Reached ** piety under Okawaru
  2725 | D:5      | Reached skill level 5 in Invocations
  2732 | D:5      | Identified the +10 spear "Xeshrawky" {vorpal, Str+3 Dex+5}
  2733 | D:5      | Found a runed translucent door.
  2733 | D:5      | Noticed demivan's ghost (amateur GrBe)
  2769 | D:5      | Reached skill level 9 in Fighting
  2842 | D:6      | Reached XP level 10. HP: 51/91 MP: 15/15
  3004 | D:6      | Reached *** piety under Okawaru
  3170 | D:6      | Reached skill level 5 in Armour
  3170 | D:6      | Reached skill level 5 in Dodging
  3270 | D:6      | You fall into a shaft and drop 1 floor!
  3315 | D:7      | Found a staircase to the Ecumenical Temple.
  3322 | Temple   | Entered the Ecumenical Temple
  3507 | D:7      | Reached skill level 10 in Fighting
  3572 | D:7      | Found a hazy altar of Hepliaklqana.
  3724 | D:8      | Reached **** piety under Okawaru
  3737 | D:8      | Reached XP level 11. HP: 71/100 MP: 16/18
  4452 | D:9      | Reached ***** piety under Okawaru
  4463 | D:9      | Noticed an obsidian statue
  4542 | D:9      | Noticed a two-headed ogre
  4551 | D:9      | Killed a two-headed ogre
  4552 | D:9      | Reached skill level 11 in Fighting
  4619 | D:9      | Found Webbent's Fire Supplies.
  4624 | D:9      | Bought a +0 helmet of fire resistance for 115 gold pieces
  4691 | D:9      | Received a gift from Okawaru
  4716 | D:9      | You fall into a shaft and drop 3 floors!
  4763 | D:12     | HP: 4/102 [fire elemental[the fiery vengeance of Ignis]
                  | (12)]
  4764 | D:12     | Slain by a fire elemental

Illustrated notes

Levels and vault maps discovered:
D:1:      dpeg_arrival_water_temple_mockup, layout_loops_ring,
          hellmonk_ecumenical_altar_crossroads
D:2:      layout_basic, basic_altar
D:3:      layout_basic, mainiacjoe_overflow_alcove_2, jmf_multi_god_temple2,
          chequers_serial_rivers_room_b, dk_noncrumbling_4, minivault_11
D:4:      layout_cave_pools, mainiacjoe_overflow_surrounded_room,
          nicolae_ossuary_entry_ruins, serial_shops, nicolae_stop_n_shop_2,
          shop_statue, kennysheep_mini_moat, nicolae_square_shop,
          nicolae_shop_hallway_stairs, nicolae_stop_n_shop_2
D:5:      layout_rooms, gammafunk_ghost_grave, serial_demonic, serial_demonic_c,
          serial_demonic_a, serial_demonic_b, serial_demonic_d,
          minmay_shop_grid_forest, abandoned_shop, hangedman_feature_mirror,
          serial_bayou_pond_b
D:6:      layout_loops_cross, corexii_shack, corexii_leaking_fountain,
          chequers_serial_rivers_large_b, dreamdust_princess_bridge
D:7:      layout_cave_pools, mainiacjoe_overflow_alcove_4, temple_statues,
          grunt_decor_arrowhead
D:8:      layout_loops_cross, serial_bayou, serial_bayou_lagoon_b,
          serial_bayou_shore_b, serial_bayou_lagoon_a, serial_bayou_lake_a,
          minmay_joined_circles
D:9:      layout_loops_corners, lemuel_doored_altar, nicolae_shop_fire_sale
          [nicolae_sub_dead_trees], minmay_protected_statue
D:12:     layout_long_grid, orc_0_dummy, portal_ice_cave_rime, uniq_erolcha
Temple:   nicolae_temple_superstar

Skill      XL: |  1  2  3  4  5  6  7  8  9 10 11 |
---------------+----------------------------------+-----
Fighting       | 4 5 7 8 9 10 11 | 11.2
Maces & Flails | 5 6 7 8 9 10 | 10.0
Invocations    | 2 5 8 9 |  9.6
Armour         | 3 6 8 |  8.1
Dodging        | 3 6 8 |  8.0
Spellcasting   | |  1.3
Fire Magic     | |  3.6

Action                   |  1- 3 |  4- 6 |  7- 9 | 10-12 || total
-------------------------+-------+-------+-------+-------++-------
Melee: Mace              |   106 |    41 |     8 |       ||   155
       Morningstar       |       |       |   276 |   381 ||   657
       Punch             |       |       |     2 |    11 ||    13
       Dire flail        |       |       |       |    90 ||    90
       Eveningstar       |       |       |       |    23 ||    23
 Cast: Scorch            |     6 |    26 |     6 |       ||    38
Invok: Foxfire Swarm     |     1 |     3 |     1 |       ||     5
       Fiery Armour      |     1 |     2 |     1 |       ||     4
       Heroism           |       |       |       |     6 ||     6
  Use: Scroll            |       |       |     7 |     6 ||    13
       Potion            |       |       |     3 |     3 ||     6
Armor: Robe              |    45 |    18 |    24 |       ||    87
       Plate armour      |       |       |   200 |   320 ||   520
Dodge: Dodged            |    52 |    21 |    73 |   163 ||   309
       Repelled          |       |     1 |     2 |     2 ||     5

Table legend: (Time is in decaauts)
 A = Elapsed time spent in this place.
 B = Non-inter-level travel time spent in this place.
 C = Inter-level travel time spent in this place.
 D = Time resting spent in this place.
 E = Time spent auto-exploring this place.
 F = Levels seen in this place.
 G = Mean time per level.
                   A        B        C        D        E       F      G
               +--------+--------+--------+--------+--------+-----+--------+
         Total |   4789 |   4593 |    196 |     40 |    103 |  12 |  399.1 |
       Dungeon |   4450 |   4254 |    196 |     40 |    103 |  10 |  445.0 |
        Temple |     60 |     60 |      0 |      0 |      0 |   1 |   60.0 |
       Ossuary |    278 |    278 |      0 |      0 |      0 |   1 |  278.0 |
               +--------+--------+--------+--------+--------+-----+--------+

Top non-repeatable levels by time:
     D:8: 782 daAuts
     D:2: 585 daAuts
     D:6: 565 daAuts
     D:1: 522 daAuts
     D:3: 465 daAuts
     D:5: 391 daAuts
     D:4: 374 daAuts
     D:7: 364 daAuts
     D:9: 350 daAuts
 Ossuary: 278 daAuts
  Temple: 60 daAuts
    D:12: 47 daAuts
